AoeStats
← 牛油果

Arabia

510300554Analyzed
1v1 RM · 8h ago on Sep 30, 2026· 42m 13s· 2 players
Game mode
Random Map
Map size
Tiny (2 player)
Population
200
Speed
Normal
Resources
Standard
Victory
Conquest
Starting age
Dark Age
Ending age
Imperial Age
RankedLock teamsTeams togetherTeam positionsShared explorationLock speedFull tech treeHidden civsTurbo modeCheats
Victory
Defeat
🇦🇷 Tatars · Argentina
1845
+17
🇭🇰 Vietnamese · Hong Kong SAR China
1874
-17
★ DrumM ❿
6:31 Loom
9:15 Feudal Age
9:51 Double-Bit Axe
16:21 Castle Age
14:50 Fletching
16:17 Horse Collar
17:13 Bow Saw
17:59 Padded Archer Armor
20:00 Padded Archer Armor
25:54 Bodkin Arrow
30:36 Wheelbarrow
30:02 Heavy Plow
31:01 Leather Archer Armor
31:48 Scale Barding Armor
33:57 Bloodlines
34:24 Chain Barding Armor
34:05 Husbandry
34:59 Forging
39:52 Imperial Age
38:54 Hand Cart
40:31 Iron Casting
39:44 Light Cavalry
40:26 Stone Mining
40:26 Gold Mining
40:42 Cavalier
42:01 Plate Barding Armor
42:57 Blast Furnace
牛油果
7:11 Loom
10:21 Feudal Age
11:11 Double-Bit Axe
11:07 Horse Collar
13:30 Wheelbarrow
18:41 Castle Age
18:56 Fletching
19:40 Bow Saw
18:52 Elite Skirmisher
20:35 Town Watch
20:46 Bodkin Arrow
21:28 Padded Archer Armor
21:00 Elite Skirmisher
32:58 Hand Cart
33:16 Leather Archer Armor
33:49 Heavy Plow
34:01 Thumb Ring
37:32 Imperial Age
35:43 Ballistics
38:16 Bracer
39:16 Chemistry
37:46 Imperial Skirmisher
39:08 Thumb Ring
40:40 Ring Archer Armor
42:32 Two-Man Saw
Connection lost

Rejoining the realm…

Still unreachable

The connection could not be restored.

Session expired

The server has moved on; the page needs a fresh start.